 Dungeon Crawl Stone Soup version 0.26.0-90-g5fd8617961 (webtiles) character file.

Game seed: 13920355683827432816

3083 Marvel the Thaumaturge (level 9, -5/45 HPs)
             Began as a Deep Elf Earth Elementalist on Feb 2, 2021.
             Was an Initiate of Sif Muna.
             Slain by Harold
             ... wielding a +0 trident
              (12 damage)
             ... on level 7 of the Dungeon.
             The game lasted 00:32:32 (7819 turns).

Marvel the Thaumaturge (DEEE)                       Turns: 7819, Time: 00:32:33

Health: -5/45      AC:  3    Str:  5    XL:     9   Next: 58%
Magic:  2/26       EV: 13    Int: 24    God:    Sif Muna [......]
Gold:   309        SH:  0    Dex: 15    Spells: 16/30 levels left

rFire    . . .     SeeInvis +   j - +3 dagger (protect)
rCold    + . .     Faith    .   (no shield)
rNeg     . . .     Spirit   .   B - +0 robe {rC+}
rPois    .         Reflect  .   (no helmet)
rElec    .         Harm     .   (no cloak)
rCorr    .         Rampage  .   (no gloves)
Will     .....                  n - +0 pair of boots
Stlth    ++........             i - amulet of regeneration
HPRegen  0.55/turn              (no ring)
MPRegen  0.20/turn              y - ring of see invisible

@: mighty, marked
A: no striking features
a: Renounce Religion


You were on level 7 of the Dungeon.
You worshipped Sif Muna.
Sif Muna was noncommittal.
You visited 2 branches of the dungeon, and saw 8 of its levels.

You collected 309 gold pieces.

Inventory:

Hand Weapons
 j - a +3 dagger of protection (weapon)
 C - a +1 dagger of draining
Missiles
 b - 87 stones
 m - 3 silver boomerangs
 q - 7 poisoned darts (quivered)
 w - 16 boomerangs
Armour
 c - a +0 robe
 n - a +0 pair of boots (worn)
 B - a +0 robe of cold resistance (worn)
Jewellery
 i - an amulet of regeneration (around neck)
 r - an uncursed ring of ice
 y - a ring of see invisible (right hand)
Wands
 e - a wand of flame (14)
 x - a wand of polymorph (5)
 E - a wand of enslavement (6)
Scrolls
 a - a scroll of identify
 k - a scroll of magic mapping
 p - 2 scrolls of random uselessness
 s - 2 scrolls of remove curse
 t - a scroll of fear
 u - 3 scrolls of fog
Potions
 f - 4 potions of flight
 g - 3 potions of curing
 h - a potion of lignification
 o - a potion of invisibility


   Skills:
 - Level 2.4 Dodging
 + Level 3.0 Stealth
 + Level 11.3 Spellcasting
 + Level 7.0 Conjurations
 - Level 1.1 Transmutations
 + Level 9.3 Earth Magic


You had 16 spell levels left.
You knew the following spells:

 Your Spells              Type           Power        Failure   Level
b - Stone Arrow           Conj/Erth      100%         1%          3
c - Passwall              Tmut/Erth      31%          1%          2
d - Petrify               Tmut/Erth      38%          5%          4
e - Lee's Rapid Deconstr  Erth           27%          2%          5

Your spell library contained the following spells:

 Spells                   Type           Power        Failure   Level
 Foxfire                  Conj/Fire      100%         1%          1
 Magic Dart               Conj           100%         1%          1
 Sandblast                Erth           100%         1%          1
 Conjure Flame            Conj/Fire      30%          3%          3
 Mephitic Cloud           Conj/Pois/Air  24%          5%          3
 Blink                    Tloc           N/A          7%          2
 Call Imp                 Summ           13%          7%          2
 Slow                     Hex            13%          7%          2
 Sticky Flame             Conj/Fire      30%          11%         4
 Inner Flame              Hex/Fire       13%          14%         3
 Fireball                 Conj/Fire      15%          30%         5


Dungeon Overview and Level Annotations

Branches:
Dungeon (7/15)             Temple (1/1) D:7

Altars:
Ashenzari
Cheibriados
Elyvilon
Gozag
Hepliaklqana
Nemelex Xobeh
Okawaru
Ru
Sif Muna
Trog
Uskayaw
Vehumet
Yredelemnul
Zin
The Shining One
Jiyva

Annotations:
D:4 Menkaure
D:5 3 runed translucent doors, iamserjio's ghost, amateur FoEE
D:7 Harold


Message History

Harold gestures at you while chanting. The mark upon you grows brighter.
There is an open door here.
Throw: 8 darts (poison)
Press: ? - help, Q - select action, (/) - cycle Shift-Dir - straight line, f/p - Harold
Aim: Harold, wielding a +0 trident and wearing a +0 scale mail (almost dead, 69% to hit)
You throw a poisoned dart. The poisoned dart hits Harold.
Harold is almost dead.
Harold hits you from afar with a +0 trident!
* * * LOW HITPOINT WARNING * * *
You see here a throwing net.
You see here 3 throwing nets.
Harold fires a harpoon shot at you. The harpoon shot hits you.
* * * LOW HITPOINT WARNING * * *
You are yanked forward by the harpoon shot.
You see here a throwing net.
You feel very mighty all of a sudden. Harold hits you with a +0 trident!
You die...

#.##....#.#.#
#....####.#..
#########....# ### .
.............# ..
###.........# ##.######
#.........# ........#
#.#.........#
........####.#.##....###
........@@(..#.##....#
...:..(.###..#.##....#
........# #..#.#######
........# #..#.#
#########
#..#.##########
#..#..........##
#..#............
#..##.........##
#..#............


You could see Harold.

Vanquished Creatures
  Pikel (D:6)
  Grinder (D:4)
  Duvessa (D:6)
  An ice beast (D:6)
  2 orc warriors (D:6)
  3 sky beasts
  2 phantoms
  An ogre (D:6)
  4 centaurs
  2 bullfrogs (D:6)
  Dowan (D:6)
  A centaur zombie (D:6)
  8 orc wizards
  2 centaur skeletons (D:6)
  5 orc priests
  3 hounds
  A bullfrog skeleton (D:4)
  An iguana (D:5)
  3 worker ants
  A hound skeleton (D:5)
  A howler monkey skeleton (D:6)
  8 gnolls
  7 adders
  2 shadow imps
  A white imp (D:6)
  2 ufetubi
  An ooze (D:3)
  2 worms
  3 dart slugs
  2 leopard geckos
  32 orcs
  14 bats
  8 giant cockroaches
  4 goblins
  8 hobgoblins
  A jackal (D:5)
  8 kobolds
  5 quokkas
  2 ball pythons (D:1)
  7 frilled lizards
  A goblin zombie (D:5)
  2 hobgoblin zombies (D:5)
  4 kobold skeletons (D:5)
  A kobold zombie (D:5)
  An orc skeleton (D:5)
  2 orc zombies (D:5)
  A quokka skeleton (D:6)
  9 rats
183 creatures vanquished.

Notes
Turn   | Place    | Note
-------+----------+-------------------------------------------
     0 | D:1      | Marvel the Deep Elf Earth Elementalist began the quest for
                  | the Orb.
     0 | D:1      | Reached XP level 1. HP: 10/10 MP: 6/6
   158 | D:1      | Reached XP level 2. HP: 15/15 MP: 5/8
   938 | D:1      | Reached XP level 3. HP: 17/19 MP: 8/10
  1087 | D:1      | Learned a level 3 spell: Stone Arrow
  1261 | D:2      | Found an iron altar of Okawaru.
  1278 | D:2      | Reached skill level 4 in Spellcasting
  1527 | D:2      | Found a snail-covered altar of Cheibriados.
  1750 | D:2      | Found a bloodstained altar of Trog.
  2095 | D:3      | Reached XP level 4. HP: 23/24 MP: 9/12
  2101 | D:3      | Learned a level 2 spell: Passwall
  2160 | D:3      | Found an opulent altar of Gozag.
  2331 | D:3      | Reached skill level 1 in Conjurations
  2496 | D:3      | Reached skill level 5 in Spellcasting
  2625 | D:3      | Reached XP level 5. HP: 28/28 MP: 5/14
  2863 | D:4      | Noticed Menkaure
  2927 | D:4      | Reached skill level 5 in Earth Magic
  2948 | D:4      | Learned a level 4 spell: Petrify
  2997 | D:4      | Noticed Grinder
  3008 | D:4      | Killed Grinder
  3009 | D:4      | Reached skill level 6 in Spellcasting
  3009 | D:4      | Reached XP level 6. HP: 27/32 MP: 12/17
  3163 | D:4      | Reached skill level 7 in Spellcasting
  3168 | D:4      | Reached XP level 7. HP: 36/36 MP: 11/19
  3268 | D:5      | Entered Level 5 of the Dungeon
  3295 | D:5      | Found a hide-covered altar of Uskayaw.
  3333 | D:5      | Found a sacrificial altar of Ru.
  3441 | D:5      | Found a glowing golden altar of the Shining One.
  3884 | D:5      | Found a runed translucent gate.
  3884 | D:5      | Found a runed translucent gate.
  3884 | D:5      | Found a runed translucent gate.
  3885 | D:5      | Noticed iamserjio's ghost (amateur FoEE)
  3977 | D:5      | Learned a level 5 spell: Lee's Rapid Deconstruction
  3984 | D:5      | Reached skill level 8 in Spellcasting
  4154 | D:5      | Reached XP level 8. HP: 41/41 MP: 15/22
  4952 | D:6      | Reached skill level 9 in Spellcasting
  5241 | D:6      | Reached skill level 5 in Conjurations
  5243 | D:6      | Noticed Dowan
  5244 | D:6      | Noticed Duvessa
  5247 | D:6      | Killed Dowan
  5870 | D:6      | Noticed Pikel
  5888 | D:6      | Killed Pikel
  5889 | D:6      | Reached skill level 10 in Spellcasting
  5889 | D:6      | Reached XP level 9. HP: 33/45 MP: 3/25
  5993 | D:6      | Killed Duvessa
  6560 | D:6      | Identified the +6 hand axe of Bloody Death {freeze, Will+}
  6669 | D:6      | Reached skill level 11 in Spellcasting
  6803 | D:6      | Found a basalt altar of Yredelemnul.
  6850 | D:6      | Found a sparkling altar of Nemelex Xobeh.
  7442 | D:7      | Found a staircase to the Ecumenical Temple.
  7454 | Temple   | Entered the Ecumenical Temple
  7478 | Temple   | Became a worshipper of Sif Muna the Loreminder
  7803 | D:7      | Noticed Harold
  7819 | D:7      | Slain by Harold

Illustrated notes

Levels and vault maps discovered:
D:1:      dpeg_arrival_rooms_with_view, layout_loops_ring,
          minmay_misc_feat_rows, chequers_mini_garden,
          chequers_serial_rivers_marsh, minmay_pentomino_r2
D:2:      layout_loops_ring, kennysheep_slug_shrine, general_overflow_altar,
          okawaru_gym_becter
D:3:      layout_basic, palyth_stone_intersect, lemuel_altar_in_water
D:4:      layout_gridville, grunt_gozag_breadcrumbs,
          lemuel_zombie_altar_kikubaaqudgha, minmay_ruined_shrine, uniq_grinder,
          uniq_menkaure, uniq_sigmund
D:5:      cheibrodos_iron_armory, layout_loops_ring, marbit_many_paths,
          nicolae_overflow_crystal_walls, nicolae_tso_besieged_by_evil,
          ebering_ghost_rock_garden, hangedman_decor_diamond_cutter
D:6:      layout_basic, overflow_temple_1_default,
          nemelex_xobeh_ov_fountains_minmay, uniq_duvessa, uniq_pikel
D:7:      layout_basic, minmay_temple_entry_trees, uniq_harold
Temple:   pf_slime_end_temple

Skill      XL: |  1  2  3  4  5  6  7  8  9 |
---------------+----------------------------+-----
Earth Magic    | 4 5 6 7 8 9 |  9.3
Spellcasting   | 4 5 6 7 8 10 11 | 11.3
Conjurations   | 1 2 3 4 6 7 |  7.0
Stealth        | 3 |  3.0
Dodging        | |  2.4
Transmutations | |  1.1

Action                   |  1- 3 |  4- 6 |  7- 9 || total
-------------------------+-------+-------+-------++-------
Melee: Unarmed           |     3 |       |       ||     3
       Dagger            |   122 |    29 |   149 ||   300
Throw: Dart              |     6 |    31 |    18 ||    55
 Cast: Sandblast         |    42 |    51 |     5 ||    98
       Stone Arrow       |       |     3 |   150 ||   153
       Passwall          |       |       |     1 ||     1
       Lee's Rapid Decon |       |       |     2 ||     2
       Petrify           |       |       |     1 ||     1
  Use: Scroll            |       |       |    20 ||    20
       Potion            |       |       |     4 ||     4
 Stab: Sleeping          |     6 |     3 |     5 ||    14
Armor: Robe              |    29 |     8 |    33 ||    70
Dodge: Dodged            |    94 |    22 |   142 ||   258
